 Dungeon Crawl Stone Soup version 0.29-a0-330-g52719c12eb (webtiles) character file.

Game seed: 9643284476847419100

90 Argons the Ruffian (level 4, -1/35 HPs)
             Began as a Ghoul Fire Elementalist on Apr 23, 2022.
             Slain by an orc wizard
             ... wielding a +0 war axe
              (6 damage)
             ... on level 2 of the Dungeon on Apr 24, 2022.
             The game lasted 00:21:40 (2918 turns).

Argons the Ruffian (Ghoul Fire Elementalist)        Turns: 2918, Time: 00:21:40

Health: -1/35      AC:  3    Str: 13    XL:     4   Next: 56%
Magic:  11/14      EV: 12    Int: 10    God:
Gold:   100        SH:  0    Dex:  9    Spells: 0/6 levels left

rFire   . . .      SeeInvis .   n - staff of death
rCold   + . .      Faith    .   (no shield)
rNeg    + + +      Spirit   .   a - +0 robe
rPois   ∞          Reflect  .   (no helmet)
rElec   .          Harm     .   (no cloak)
rCorr   +          Rampage  .   (no gloves)
Will    .....                   o - +0 pair of boots
Stlth   ++........              (no amulet)
HPRegen 0.00/turn               k - ring of resist corrosion
MPRegen 0.14/turn               m - ring of magical power

@: inhibited regen
A: claws 1, cold resistance 1, negative energy resistance 3, inhibited
regeneration, torment resistance 2, devour on kill
a: no special abilities


You were on level 2 of the Dungeon.
You visited 1 branch of the dungeon, and saw 4 of its levels.

You collected 100 gold pieces.

Inventory:

Missiles
 c - 39 stones (quivered)
Armour
 a - a +0 robe (worn)
 o - a +0 pair of boots (worn)
Magical Staves
 n - a staff of death (weapon)
Jewellery
 k - a ring of resist corrosion (left claw)
 m - a ring of magical power (right claw)
Scrolls
 e - a scroll of immolation {unknown}
 f - a scroll of enchant armour {unknown}
 g - a scroll of magic mapping {unknown}
 i - a scroll of silence {unknown}
 j - 2 scrolls of identify {unknown}
 l - a scroll of blinking {unknown}
Potions
 b - a potion of magic
 d - a potion of berserk rage {unknown}
 h - 2 potions of brilliance {unknown}
 p - a potion of heal wounds {unknown}


   Skills:
 - Level 1.5 Fighting
 - Level 1.7 Dodging
 - Level 2.1 Stealth
 - Level 3.2 Unarmed Combat
 - Level 1.7 Spellcasting
 - Level 0.7 Conjurations
 + Level 1.8 Necromancy
 - Level 2.4 Fire Magic


You couldn't memorise any spells.
You knew the following spells:

 Your Spells              Type           Power      Damage    Failure   Level
a - Foxfire               Conj/Fire      16%        2x1d4     17%         1
b - Pain                  Necr           24%        1d5       16%         1
c - Animate Skeleton      Necr           12%        N/A       16%         1
d - Vampiric Draining     Necr           6%         2d6       41%         3

Your spell library contained the following spells:

 Spells                   Type           Power      Damage    Failure   Level
 Scorch                   Fire           10%        2d5       19%         2
 Passwall                 Tmut/Erth      0%         N/A       43%         2
 Conjure Flame            Conj/Fire      4%         6-21      45%         3
 Inner Flame              Hex/Fire       3%         N/A       52%         3
 Ignite Poison            Fire/Tmut/Pois 2%         N/A       56%         3
 Portal Projectile        Hex/Tloc       0%         N/A       67%         3
 Flame Wave               Conj/Fire      4%         2d5       86%         4
 Leda's Liquefaction      Hex/Erth       0%         N/A       97%         4
 Excruciating Wounds      Necr           3%         N/A       99%         5
 Lehudib's Crystal Spear  Conj/Erth      0%         10d2      100%        8
 Blade Hands              Tmut           Unusable   N/A       N/A         5

Dungeon Overview and Level Annotations

Branches:
Dungeon (4/15)
 Temple: D:4-7

Altars:
The Shining One

Annotations:
D:2 Terence


Innate Abilities, Weirdness & Mutations

You are immune to poison.
You have sharp fingernails.
Your flesh is cold resistant. (rC+)
You are immune to negative energy. (rN+++)
You do not regenerate when monsters are visible.
You are immune to unholy pain and torment.
You thrive by killing the living.


Message History

The orc wizard gestures at you while chanting.
You resist with some effort.
Casting: Pain (safe; 16% risk of failure)
Confirm with . or Enter, or press ? or * to list all spells.
Aiming: Pain (safe; 16% risk of failure)
Press: ? - help, Shift-Dir - straight line, f/p - orc wizard
Aim: an orc wizard, wielding a +0 war axe and wearing a +0 robe (lightly wounded, chance to affect: 53%)
You feel a surge of power!
The orc wizard resists with significant effort.
Casting: Pain (safe; 16% risk of failure)
Confirm with . or Enter, or press ? or * to list all spells.
Aiming: Pain (safe; 16% risk of failure)
Press: ? - help, Shift-Dir - straight line, f/p - orc wizard
Aim: an orc wizard, wielding a +0 war axe and wearing a +0 robe (lightly wounded, chance to affect: 53%)
You feel a surge of power!
The orc wizard writhes in agony.
You hit the orc wizard but do no damage.
The orc wizard is moderately wounded.
The orc wizard hits you with a +0 war axe.
You hit the orc wizard.
The orc wizard is heavily wounded.
The orc wizard hits you with a +0 war axe.
You closely miss the orc wizard.
The orc wizard is heavily wounded.
The orc wizard gestures wildly while chanting.
The orc wizard flickers and vanishes!
Deactivating autopickup; reactivate with Ctrl-A.
You miss something. Something hits you.
You closely miss something.
You hear some strange, mumbled words.
A puff of flame appears from out of thin air!
The puff of flame hits you!
The orc shouts!
Something hits you.
The orc hits you with a +0 morningstar of draining!
* * * LOW HITPOINT WARNING * * *
Something hits you but does no damage.
Okay, then.
You hit the orc but do no damage. The orc closely misses you.
Something hits you.
You die...

#.##...### #.#...# #.##.....##
#####.#..## ####.##...#..###
#...).#..# #....#######§..#
#....##..# #.#### ###.#
###>...##..# #.# #.###......##.##
..# #..##.#....#..# ..#######
###o#..#.......#
#.......#####...@.##..[...##
.>............#...##......######
############.####..#......##...##
######...##...####.....##.#.....#
...............###.....##.)......
####............##.._...#........
..##............##...............
................##.....##.#.....#
..##...........###..............#


You could see an orc.

Vanquished Creatures
  Jessica (D:2)
  2 worms
  A dart slug (D:3)
  3 orcs
  6 ball pythons
  8 bats
  4 endoplasms
  2 giant cockroaches
  2 goblins (D:2)
  5 hobgoblins
  2 jackals (D:1)
  4 frilled lizards
  7 kobolds
  5 rats
52 creatures vanquished.

Vanquished Creatures (others)
  75 foxfires
  29 plants (D:3)
104 creatures vanquished.

Grand Total: 156 creatures vanquished

Notes
Turn   | Place    | Note
-------+----------+-------------------------------------------
     0 | D:1      | Argons the Ghoul Fire Elementalist began the quest for the
                  | Orb.
     0 | D:1      | Reached XP level 1. HP: 14/14 MP: 2/2
   333 | D:1      | Reached skill level 1 in Fighting
   333 | D:1      | Reached skill level 1 in Unarmed Combat
   379 | D:1      | Reached XP level 2. HP: 23/23 MP: 0/3
   777 | D:1      | Reached skill level 2 in Unarmed Combat
  1094 | D:1      | Reached XP level 3. HP: 28/28 MP: 2/4
  1545 | D:2      | Noticed Jessica
  1716 | D:2      | Learned a level 1 spell: Pain
  1718 | D:2      | Learned a level 1 spell: Animate Skeleton
  1751 | D:2      | Noticed Terence
  1839 | D:2      | You fall into a shaft and drop 2 floors!
  2251 | D:2      | Killed Jessica
  2252 | D:2      | Reached skill level 3 in Unarmed Combat
  2252 | D:2      | Reached skill level 1 in Necromancy
  2252 | D:2      | Reached XP level 4. HP: 26/35 MP: 5/5
  2434 | D:2      | Got the Handbook of Stones and Poison
  2439 | D:2      | Learned a level 3 spell: Vampiric Draining
  2918 | D:2      | Slain by an orc wizard

Illustrated notes

Levels and vault maps discovered:
D:1:      dpeg_arrival_long_road, layout_basic
D:2:      layout_rooms, basic_altar, uniq_terence, uniq_jessica
D:3:      layout_basic, ebering_ecumenical_altar_webs, serial_bayou_lagoon_a
D:4:      layout_basic, grunt_temple_overflow_open, chequers_decorated_corner

Skill      XL: |  1  2  3 |
---------------+----------+-----
Fighting       | 1 |  1.5
Unarmed Combat | 1 2 3 |  3.2
Necromancy     | 1 |  1.8
Dodging        | |  1.7
Stealth        | |  2.1
Spellcasting   | |  1.7
Conjurations   | |  0.7
Fire Magic     | |  2.4

Action                   |  1- 3 |  4- 6 || total
-------------------------+-------+-------++-------
Melee: Unarmed           |    50 |       ||    50
       Staff             |    22 |    41 ||    63
       Punch             |       |     2 ||     2
Throw: Stone             |    11 |       ||    11
 Cast: Foxfire           |    41 |     6 ||    47
       Pain              |     6 |    19 ||    25
 Stab: Sleeping          |     1 |       ||     1
Armor: Robe              |    11 |     8 ||    19
Dodge: Dodged            |    42 |    21 ||    63

Table legend: (Time is in decaauts)
 A = Elapsed time spent in this place.
 B = Non-inter-level travel time spent in this place.
 C = Inter-level travel time spent in this place.
 D = Time resting spent in this place.
 E = Time spent auto-exploring this place.
 F = Levels seen in this place.
 G = Mean time per level.
                   A        B        C        D        E       F      G
               +--------+--------+--------+--------+--------+-----+--------+
         Total |   2933 |   2831 |    102 |   1028 |     55 |   4 |  733.2 |
       Dungeon |   2933 |   2831 |    102 |   1028 |     55 |   4 |  733.2 |
               +--------+--------+--------+--------+--------+-----+--------+

Top non-repeatable levels by time:
     D:1: 1430 daAuts
     D:2: 966 daAuts
     D:3: 531 daAuts
     D:4: 4 daAuts
